 Dungeon Crawl Stone Soup version 0.17-a0-854-g4a4ba72 (webtiles) character file.

26 RobertPalmer the Changer (level 3, -1/17 HPs)
             Began as a Vine Stalker Transmuter on Apr 29, 2015.
             Killed from afar by Sigmund (9 damage)
             ... with a magic dart
             ... on level 2 of the Dungeon.
             The game lasted 00:01:34 (851 turns).

RobertPalmer the Changer (Vine Stalker Transmuter)   Turns: 851, Time: 00:01:35

Health: -1/17      AC:  4    Str: 12    XL:     3   Next: 8%
Magic:  0/7        EV: 12    Int: 14    God:
Gold:   97         SH:  0    Dex: 14    Spells: 1 memorised, 5 levels left

rFire  . . .     SeeInvis .       - Unarmed
rCold  . . .     Clarity  .     b - +0 robe
rNeg   . . .     SustAb   .     (no shield)
rPois  .         Gourm    .     (no helmet)
rElec  .         Spirit   +     (no cloak)
rCorr  .         Warding  .     (no gloves)
rMut   .         Stasis   .     (no boots)
MR     .....                    (no amulet)
Stlth  +.........               (no ring)
                                n - +1 ring of protection

@: not resistant to hostile enchantments, very unstealthy
A: fangs 2, regeneration 1, shaggy fur 1, magic shield, antimagic bite, no
device heal 3, rot immunity
a: no special abilities


You were on level 2 of the Dungeon.
You were not hungry.

You visited 1 branch of the dungeon, and saw 2 of its levels.

You collected 97 gold pieces.

Inventory:

Missiles
 a - 12 arrows
Armour
 b - a +0 robe (worn)
Jewellery
 n - a +1 ring of protection (left hand)
   (You found it on level 2 of the Dungeon)
Magical devices
 j - a wand of polymorph (9)
   (You found it on level 2 of the Dungeon)
Scrolls
 e - a scroll of blinking {unknown}
 g - a scroll of noise {!r}
Potions
 i - a potion of invisibility {unknown}
 k - a potion of curing {unknown}
Books
 c - a book of Changes
Comestibles
 d - 3 bread rations {@e1}
 f - a meat ration {@e2}
 m - 2 fruits


   Skills:
 - Level 0.8 Fighting
 - Level 1.5 Dodging
 - Level 3.0 Unarmed Combat
 - Level 2.1 Spellcasting
 + Level 3.4 Transmutations


You had 5 spell levels left.
You knew the following spells:

 Your Spells              Type           Power        Failure   Level  Hunger
z - Beastly Appendage     Trmt           ##....       6%          1    #......


Dungeon Overview and Level Annotations

Branches:
Dungeon (2/15)

Altars:
Okawaru

Annotations:
D:2 Sigmund


Innate Abilities, Weirdness & Mutations

You have extremely sharp teeth.
Your natural rate of healing is unusually fast.
You are covered in fur (AC +1).
When hurt, damage is shared between your health and your magic reserves.
Your bite disrupts and absorbs the magic of your enemies.
Potions and wands cannot restore your health.
You are immune to rotting.


Message History

A hobgoblin comes into view. It is wielding a club.
The hobgoblin shouts!
The hobgoblin moves out of view.
The hobgoblin is too close now for your liking.
A hobgoblin is nearby!
The hobgoblin hits you with a club.
You take 2 damage, and have 15/17 hp.
The kobold shouts!
You hit the hobgoblin.
The hobgoblin hits you but does no damage.
You barely miss the hobgoblin. You bite the hobgoblin. You drain its power.
The hobgoblin misses you.
You hit the hobgoblin.
The hobgoblin hits you but does no damage.
You hit the hobgoblin but do no damage. The hobgoblin misses you.
You closely miss the hobgoblin. You bite the hobgoblin. You drain its power.
You kill the hobgoblin!
Your feet morph into talons.
Your transformation is almost over.
The kobold barely misses you.
You now have 6/7 mp.
You barely miss the kobold. You bite the kobold. You drain its power.
You feel invigorated. The kobold misses you.
MP restored: 7 You hit the kobold.
Your kick misses the kobold. Your bite misses the kobold.
The kobold barely misses you.
Health restored: 17 You hit the kobold.
You kill the kobold!
Items here: )) †† a dagger of holy wrath; a club; a kobold corpse; a hobgoblin corpse
n - a glowing pearl ring Read which item? (? for menu, Esc to quit)
As you read the scroll labeled RESIFO NAHOM, it crumbles to dust.
You hear a loud clanging noise!
It was a scroll of noise.
You hear a shout! x3
Read which item? (? for menu, Esc to quit)
As you read the scroll labeled MOYDEI OFUATRA, it crumbles to dust.
You feel strangely unstable.
It was a scroll of teleportation.
Read which item? (? for menu, Esc to quit)
As you read the scroll labeled QUBLECZ APRI, it crumbles to dust.
It is a scroll of identify.
Identify which item? (\ to view known items) (? for menu, Esc to quit)
n - a +1 ring of protection Your talons disappear.
Put on which piece of jewellery? (? for menu, Esc to quit)
n - a +1 ring of protection (left hand)
A hobgoblin comes into view. It is wielding a club.
Your surroundings suddenly seem different.
A kobold comes into view. It is wielding a whip.
The kobold shouts!
A worm comes into view.
Unknown command.
Unknown command.
You grow a pair of large bovine horns.
A giant newt comes into view.
You now have 6/7 mp.
You hit the worm. You hit the worm but do no damage.
Your transformation is almost over.
The worm bites you!
You take 7 damage, and have 10/17 hp.
MASSIVE DAMAGE!!
You now have 3/7 mp.
You hit the worm. You bite the worm, but do no damage. You hit the worm.
Your headbutt misses the worm. Your bite misses the worm.
The worm barely misses you.
You hit the worm. The kobold closely misses you. The worm bites you!
* * * LOW HITPOINT WARNING * * *
A bat comes into view.
You take 5 damage, and have 5/17 hp.
MASSIVE DAMAGE!!
You now have 2/7 mp.
The giant newt barely misses you.
Sigmund the Dreaded comes into view.
He is wielding a scythe.
Sigmund shouts!
The bat barely misses you.
Found 22 stones.
Found an escape hatch in the floor.
You see here a fruit.
The bat closely misses you. The bat hits you but does no damage.
Sigmund mumbles some strange words.
Sigmund flickers and vanishes!
Deactivating autopickup; reactivate with Ctrl-A.
The giant newt closely misses you. The bat hits you but does no damage.
The bat hits you but does no damage. x2
Found 16 gold pieces and a bread ration.
Found a stone staircase leading up.
The bat barely misses you. The bat completely misses you.
Your horns disappear.
The bat closely misses you. The bat closely misses you. The bat misses you.
A magic dart appears from out of thin air!
The magic dart hits you!
Ouch! That really hurt!
You die...

......... ........#..#
.........
...........%#######
......... .
.......(..........
........ ...
####...........####
........
...##..................
........
............w......###
.......
#......l.........#
......
##..b..K#.#..##..##
.....
#..<@...#.......## ....
#.#.....#.##.#### ..K
##.$......... ..
#.....%#.... ..
...#..#.. . ...
........... .#
..#..#..#.. ...
..#....##. . #....


You could see a worm, a bat, a kobold and a giant newt.

Vanquished Creatures
  4 bats (D:1)
  2 giant cockroaches (D:1)
  2 goblins
  3 hobgoblins
  3 jackals
  5 kobolds
  4 rats (D:1)
23 creatures vanquished.

Notes
Turn   | Place    | Note
--------------------------------------------------------------
     0 | D:1      | RobertPalmer, the Vine Stalker Transmuter, began the quest for the Orb.
     0 | D:1      | Reached XP level 1. HP: 9/9 MP: 4/4
   216 | D:1      | Reached XP level 2. HP: 10/14 MP: 6/6
   254 | D:1      | Reached skill level 3 in Transmutations
   764 | D:2      | Found an iron altar of Okawaru.
   791 | D:2      | Reached XP level 3. HP: 13/17 MP: 7/7
   842 | D:2      | Noticed Sigmund
   851 | D:2      | Killed from afar by Sigmund

Action                   || total
-------------------------++-------
Melee: Unarmed           ||    71
 Cast: Beastly Appendage ||    12
  Use: Scroll            ||     3

Vault maps used:
D:1:      matt_arrival_los_fun, serial_forest, infiniplex_forest_corner_2,
          infiniplex_forest_corner_2, infiniplex_forest_lined_room_,
          infiniplex_forest_lined_3_way, serial_park_tiny_2
D:2:      nicolae_qazlal_eye_of_the_storm, first_bread, okawaru_metal_pillars_3,
          uniq_sigmund

Table legend:
 A = Turns spent in this place as a percentage of turns spent in the entire game.
 B = Non-inter-level travel turns spent in this place as a percentage of non-inter-level travel turns spent in the entire game.
 C = Inter-level travel turns spent in this place as a percentage of turns spent in this place.
 D = Turns resting spent in this place as a percentage of non-inter-level travel turns spent in this place.
 E = Turns spent auto-exploring this place as a percentage of non-inter-level travel turns spent in this place.
 F = Non-inter-level travel turns spent in this place divided by the number of levels of this place that you've seen.
                   A       B       C       D       E      F
               +-------+-------+-------+-------+-------+----------------------
         Total | 100.0 | 100.0 |   0.3 |   1.4 |  12.3 | 142.5
       Dungeon | 100.0 | 100.0 |   0.3 |   1.4 |  12.3 | 142.5
               +-------+-------+-------+-------+-------+----------------------

Table legend:
 A = Kills in this place as a percentage of kills in entire the game.
 B = Kills by you in this place as a percentage of kills by you in the entire game.
 C = Kills by friends in this place as a percentage of kills by friends in the entire game.
 D = Other kills in this place as a percentage of other kills in the entire game.
 E = Experience gained in this place as a percentage of experience gained in the entire game.
 F = Experience gained in this place divided by the number of levels of this place that you have seen.
                   A       B       C       D       E      F
               +-------+-------+-------+-------+-------+----------------------
         Total | 100.0 | 100.0 |  -nan |  -nan | 100.0 |  19.0
       Dungeon | 100.0 | 100.0 |  -nan |  -nan | 100.0 |  19.0
               +-------+-------+-------+-------+-------+----------------------
